PL
D.C. DIVIDED @ PANAMA CITY PIRANHAS
08/25/2030
 
TOP OF THE 1ST
D.C. Divided batting - Pitching for Panama City Piranhas : LHP Edison Larson
Pitching: LHP Edison Larson
Batting: RHB Roberto Maestas 0-0: Foul Ball, location: 2F
0-1: Swinging Strike
0-2: Foul Ball, location: 2F
0-2: Ground out 5-3 (Groundball, 56S)
Batting: RHB Tony Romero 0-0: Ball
1-0: Ground out 6-3 (Groundball, 6M)
Batting: RHB Arturo Rodríguez 0-0: Foul Ball, location: 2F
0-1: Foul Ball, location: 2F
0-2: Ball
1-2: Ball
2-2: Foul Ball, location: 2F
2-2: Ground out 5-3 (Groundball, 56S)
Top of the 1st over - 0 runs, 0 hits, 0 errors, 0 left on base; D.C. 0 - Panama City 0
BOTTOM OF THE 1ST
Panama City Piranhas batting - Pitching for D.C. Divided : RHP Germán Rodríguez
Pitching: RHP Germán Rodríguez
Batting: RHB Juan Jose Ayala 0-0: Ball
1-0: Ball
2-0: Called Strike
2-1: Ball
3-1: Ground out 4-3 (Groundball, 4)
Batting: RHB Baldomero Avino 0-0: Swinging Strike
0-1: Fly out, F9 (Flyball, 89M)
Batting: RHB Tommy Jones 0-0: Ball
1-0: Ball
2-0: Ball
3-0: Called Strike
3-1: Swinging Strike
3-2: Strikes out swinging
Bottom of the 1st over - 0 runs, 0 hits, 0 errors, 0 left on base; D.C. 0 - Panama City 0
TOP OF THE 2ND
D.C. Divided batting - Pitching for Panama City Piranhas : LHP Edison Larson
Batting: RHB Wilbur Davis 0-0: Ball
1-0: Called Strike
1-1: Swinging Strike
1-2: SINGLE (Line Drive, 56)
Batting: RHB Mario Castillo 0-0: Ball
1-0: Swinging Strike
1-1: Ball
2-1: Swinging Strike
2-2: Strikes out swinging
Batting: LHB Obidiah Lewis Balk!
Wilbur Davis to second
0-0: SINGLE (Line Drive, 89M)
Wilbur Davis to third
Runner from 3rd tries for Home, SAFE, no throw
Batting: RHB Julián Salcido 0-0: Ball
1-0: Ball
2-0: Foul Ball, location: 2F
2-1: Fly out, F9 (Flyball, 9S)
Batting: LHB Neil Lawson 0-0: Called Strike
0-1: Foul Ball, location: 2F
0-2: Ball
1-2: Strikes out looking
Top of the 2nd over - 1 run, 2 hits, 0 errors, 1 left on base; D.C. 1 - Panama City 0
BOTTOM OF THE 2ND
Panama City Piranhas batting - Pitching for D.C. Divided : RHP Germán Rodríguez
Batting: RHB Andy Putman 0-0: Foul Ball, location: 2F
0-1: SINGLE (Flyball, 89S)
Batting: RHB Peter Heard 0-0: Called Strike
0-1: SINGLE (Flyball, 9LM)
Andy Putman to second
Runner from 2nd tries for 3rd, SAFE, no throw
Batting: LHB José Ruíz 0-0: Ball
1-0: Called Strike
1-1: Called Strike
1-2: Ball
2-2: Strikes out looking
Batting: RHB Fernando Silva 0-0: Ball
1-0: Fly out, F7 (Flyball, 7D)
Runner from 3rd tags up, SCORES, no throw
Batting: RHB Ted Cook 0-0: Called Strike
0-1: Foul Ball, location: 2F
0-2: Ball
1-2: Foul Ball, location: 2F
1-2: Foul Ball, location: 2F
1-2: Strikes out swinging
Bottom of the 2nd over - 1 run, 2 hits, 0 errors, 1 left on base; D.C. 1 - Panama City 1
TOP OF THE 3RD
D.C. Divided batting - Pitching for Panama City Piranhas : LHP Edison Larson
Batting: RHB Nick Boyd 0-0: Ground out 6-3 (Groundball, 6S)
Batting: RHB Roberto Maestas 0-0: Ball
1-0: Ball
2-0: Ground out 1-3 (Groundball, P)
Batting: RHB Tony Romero 0-0: Ball
1-0: Called Strike
1-1: Ball
2-1: Called Strike
2-2: SINGLE (Groundball, 3D)
Batting: RHB Arturo Rodríguez 0-0: Called Strike
0-1: Ball
1-1: Called Strike
1-2: Ball
2-2: Fielders Choice at 2nd, 6-4 (Groundball, 6)
Top of the 3rd over - 0 runs, 1 hit, 0 errors, 1 left on base; D.C. 1 - Panama City 1
BOTTOM OF THE 3RD
Panama City Piranhas batting - Pitching for D.C. Divided : RHP Germán Rodríguez
Batting: RHB Micah Coffey 0-0: Ball
1-0: Ball
2-0: Called Strike
2-1: Foul Ball, location: 2F
2-2: Fly out, F5 (Popup, 25F)
Batting: RHB Juan Jose Ayala 0-0: Called Strike
0-1: Ball
1-1: Foul Ball, location: 2F
1-2: Strikes out swinging
Batting: RHB Baldomero Avino 0-0: Called Strike
0-1: Ball
1-1: Called Strike
1-2: Fly out, F9 (Flyball, 9S)
Bottom of the 3rd over - 0 runs, 0 hits, 0 errors, 0 left on base; D.C. 1 - Panama City 1
TOP OF THE 4TH
D.C. Divided batting - Pitching for Panama City Piranhas : LHP Edison Larson
Batting: RHB Wilbur Davis 0-0: Ground out 5-3 (Groundball, 56)
Batting: RHB Mario Castillo 0-0: Ball
1-0: Fly out, F7 (Flyball, 7D)
Batting: LHB Obidiah Lewis 0-0: Foul Ball, location: 2F
0-1: Called Strike
0-2: Foul Ball, location: 2F
0-2: Ball
1-2: Hit by Pitch
Batting: RHB Julián Salcido 0-0: Ground out 4-3 (Groundball, 4)
Top of the 4th over - 0 runs, 0 hits, 0 errors, 1 left on base; D.C. 1 - Panama City 1
BOTTOM OF THE 4TH
Panama City Piranhas batting - Pitching for D.C. Divided : RHP Germán Rodríguez
Batting: RHB Tommy Jones 0-0: Ball
1-0: Called Strike
1-1: Called Strike
1-2: Ball
2-2: Ground out 6-3 (Groundball, 6)
Batting: RHB Andy Putman 0-0: Ball
1-0: SINGLE (Line Drive, 34)
Batting: RHB Peter Heard 0-0: SINGLE (Line Drive, 7LS)
Andy Putman to second
Batting: LHB José Ruíz 0-0: Called Strike
0-1: Foul Ball, location: 2F
0-2: Ball
1-2: Fielders Choice at 2nd, 6-4 (Groundball, 6M)
Andy Putman to third
Batting: RHB Fernando Silva 0-0: Ball
1-0: Called Strike
1-1: Swinging Strike
1-2: Strikes out swinging, 2-3 out at first.
Bottom of the 4th over - 0 runs, 2 hits, 0 errors, 2 left on base; D.C. 1 - Panama City 1
TOP OF THE 5TH
D.C. Divided batting - Pitching for Panama City Piranhas : LHP Edison Larson
Batting: LHB Neil Lawson 0-0: Called Strike
0-1: Ball
1-1: Foul Ball, location: 2F
1-2: Ball
2-2: Foul Ball, location: 2F
2-2: Strikes out swinging
Batting: RHB Nick Boyd 0-0: Ball
1-0: Ball
2-0: Swinging Strike
2-1: Ball
3-1: Base on Balls
Batting: RHB Roberto Maestas 0-0: Called Strike
0-1: Foul Ball, location: 2F
0-2: Ball
1-2: Fly out, F1 (Line Drive, 13)
Batting: RHB Tony Romero 0-0: Fielders Choice at 2nd, 5-4 (Groundball, 5)
Top of the 5th over - 0 runs, 0 hits, 0 errors, 1 left on base; D.C. 1 - Panama City 1
BOTTOM OF THE 5TH
Panama City Piranhas batting - Pitching for D.C. Divided : RHP Germán Rodríguez
Batting: RHB Ted Cook 0-0: Ball
1-0: SINGLE (Line Drive, 89M)
Batting: RHB Micah Coffey 0-0: Called Strike
0-1: Sac Bunt - play at first, batter OUT! 3-4
Ted Cook to second
Batting: RHB Juan Jose Ayala 0-0: Foul Ball, location: 2F
0-1: Foul Ball, location: 2F
0-2: Ball
1-2: Strikes out looking
Batting: RHB Baldomero Avino 0-0: Ball
Wild Pitch!
Ted Cook to third
1-0: Ball
2-0: Fly out, F9 (Flyball, 89M)
Bottom of the 5th over - 0 runs, 1 hit, 0 errors, 1 left on base; D.C. 1 - Panama City 1
TOP OF THE 6TH
D.C. Divided batting - Pitching for Panama City Piranhas : LHP Edison Larson
Batting: RHB Arturo Rodríguez 0-0: Called Strike
0-1: Swinging Strike
0-2: Ground out 6-3 (Groundball, 6)
Batting: RHB Wilbur Davis 0-0: Called Strike
0-1: Ball
1-1: Hit by Pitch
Batting: RHB Mario Castillo 0-0: Ball
1-0: SINGLE (Groundball, 5D)
Wilbur Davis to second
Batting: LHB Obidiah Lewis 0-0: Fly out, F8 (Flyball, 8RM)
Batting: RHB Julián Salcido 0-0: Called Strike
0-1: Called Strike
0-2: Ball
1-2: Ball
2-2: Foul Ball, location: 2F
2-2: Ball
3-2: Base on Balls
Wilbur Davis to third
Mario Castillo to second
Batting: LHB Neil Lawson 0-0: Ball
1-0: Swinging Strike
1-1: Foul Ball, location: 2F
1-2: Ball
2-2: Strikes out looking
Top of the 6th over - 0 runs, 1 hit, 0 errors, 3 left on base; D.C. 1 - Panama City 1
BOTTOM OF THE 6TH
Panama City Piranhas batting - Pitching for D.C. Divided : RHP Germán Rodríguez
Batting: RHB Tommy Jones 0-0: Called Strike
0-1: Fly out, F9 (Flyball, 89S)
Batting: RHB Andy Putman 0-0: Ball
1-0: Ball
2-0: Called Strike
2-1: Foul Ball, location: 2F
2-2: Ball
3-2: Foul Ball, location: 2F
3-2: Fly out, F9 (Flyball, 9S)
Batting: RHB Peter Heard 0-0: Ball
1-0: Ball
2-0: DOUBLE (Flyball, 78XD)
Batting: LHB José Ruíz 0-0: Ball
1-0: Ball
2-0: Called Strike
2-1: Swinging Strike
2-2: Strikes out swinging
Bottom of the 6th over - 0 runs, 1 hit, 0 errors, 1 left on base; D.C. 1 - Panama City 1
TOP OF THE 7TH
D.C. Divided batting - Pitching for Panama City Piranhas : LHP Edison Larson
Batting: RHB Nick Boyd 0-0: Ball
1-0: Ball
2-0: Swinging Strike
2-1: Foul Ball, location: 2F
2-2: Ball
3-2: Foul Ball, location: 2F
3-2: Strikes out looking
Pitching: RHP Erasmo Monteagudo
Batting: RHB Roberto Maestas 0-0: Called Strike
0-1: Ground out 6-3 (Groundball, 6)
Batting: RHB Tony Romero 0-0: Ball
1-0: Swinging Strike
1-1: Ground out U3 (Groundball, 34)
Top of the 7th over - 0 runs, 0 hits, 0 errors, 0 left on base; D.C. 1 - Panama City 1
BOTTOM OF THE 7TH
Panama City Piranhas batting - Pitching for D.C. Divided : RHP Germán Rodríguez
Batting: RHB Fernando Silva 0-0: Ball
1-0: Called Strike
1-1: Ball
2-1: Ground out 4-3 (Groundball, 34)
Batting: RHB Ted Cook 0-0: Ball
1-0: Swinging Strike
1-1: Called Strike
1-2: Foul Ball, location: 2F
1-2: Ball
2-2: Strikes out swinging
Batting: RHB Micah Coffey 0-0: Ball
1-0: Ball
2-0: Called Strike
2-1: Foul Ball, location: 2F
2-2: Ball
3-2: Strikes out looking
Bottom of the 7th over - 0 runs, 0 hits, 0 errors, 0 left on base; D.C. 1 - Panama City 1
TOP OF THE 8TH
D.C. Divided batting - Pitching for Panama City Piranhas : RHP Erasmo Monteagudo
Batting: RHB Arturo Rodríguez 0-0: Fly out, F7 (Flyball, 78S)
Batting: RHB Wilbur Davis 0-0: Ball
1-0: SINGLE (Line Drive, 4M)
Batting: RHB Mario Castillo 0-0: Called Strike
Wilbur Davis is caught stealing 2nd base
0-1: Foul Ball, location: 2F
0-2: Ball
1-2: Foul Ball, location: 2F
1-2: Ball
2-2: Fly out, F7 (Line Drive, 7LM)
Top of the 8th over - 0 runs, 1 hit, 0 errors, 0 left on base; D.C. 1 - Panama City 1
BOTTOM OF THE 8TH
Panama City Piranhas batting - Pitching for D.C. Divided : RHP Germán Rodríguez
Batting: RHB Juan Jose Ayala 0-0: Foul Ball, location: 2F
0-1: Foul Ball, location: 2F
0-2: Ground out 6-3 (Groundball, 6)
Batting: RHB Baldomero Avino 0-0: Ball
1-0: Called Strike
1-1: Foul Ball, location: 2F
1-2: Ground out 5-3 (Groundball, 5S)
Batting: RHB Tommy Jones 0-0: Called Strike
0-1: Foul Ball, location: 2F
0-2: Ball
1-2: Fly out, F7 (Flyball, 78M)
Bottom of the 8th over - 0 runs, 0 hits, 0 errors, 0 left on base; D.C. 1 - Panama City 1
TOP OF THE 9TH
D.C. Divided batting - Pitching for Panama City Piranhas : RHP Erasmo Monteagudo
Batting: LHB Obidiah Lewis 0-0: Ball
1-0: Ball
2-0: Fly out, F7 (Line Drive, 7)
Batting: RHB Julián Salcido 0-0: Foul Ball, location: 2F
0-1: Called Strike
0-2: Hit by Pitch
Pitching: RHP Mark Valle
Batting: LHB Neil Lawson 0-0: Ball
1-0: Called Strike
1-1: Ball
2-1: Swinging Strike
2-2: Foul Ball, location: 2F
2-2: Foul Ball, location: 2F
2-2: SINGLE (Line Drive, 8LS)
Julián Salcido to second
Batting: RHB Nick Boyd 0-0: Called Strike
0-1: Swinging Strike
0-2: Ball
1-2: Strikes out swinging
Batting: RHB Roberto Maestas 0-0: Called Strike
0-1: Ball
1-1: Foul Ball, location: 2F
1-2: Ball
2-2: Fielders Choice at 2nd, 5-4 (Groundball, 56)
Top of the 9th over - 0 runs, 1 hit, 0 errors, 2 left on base; D.C. 1 - Panama City 1
BOTTOM OF THE 9TH
Panama City Piranhas batting - Pitching for D.C. Divided : RHP Germán Rodríguez
Batting: RHB Andy Putman 0-0: Ground out 5-3 (Groundball, 56)
Pitching: RHP Gabriel Hidalgo
Batting: RHB Peter Heard 0-0: Fly out, F9 (Flyball, 89XD)
Batting: LHB José Ruíz 0-0: Ball
1-0: Ball
2-0: Foul Ball, location: 2F
2-1: Fly out, F8 (Flyball, 8LS)
Bottom of the 9th over - 0 runs, 0 hits, 0 errors, 0 left on base; D.C. 1 - Panama City 1
TOP OF THE 10TH
D.C. Divided batting - Pitching for Panama City Piranhas : RHP Mark Valle
Batting: RHB Tony Romero 0-0: Ground out 4-3 (Groundball, 4)
Batting: RHB Arturo Rodríguez 0-0: Called Strike
0-1: Swinging Strike
0-2: Ball
1-2: Ball
2-2: Ball
3-2: Ground out 6-3 (Groundball, 6)
Batting: RHB Wilbur Davis 0-0: Foul Ball, location: 2F
0-1: SINGLE (Groundball, 6MD)
Pitching: LHP Ming-jiang Wu
Batting: RHB Mario Castillo 0-0: Called Strike
0-1: Called Strike
0-2: Ball
1-2: Ball
2-2: Ball
3-2: Ground out 5-3 (Groundball, 56S)
Top of the 10th over - 0 runs, 1 hit, 0 errors, 1 left on base; D.C. 1 - Panama City 1
BOTTOM OF THE 10TH
Panama City Piranhas batting - Pitching for D.C. Divided : RHP Gabriel Hidalgo
Pitching: RHP Denver Milne
Batting: RHB Fernando Silva 0-0: SINGLE (Groundball, 6) (infield hit)
Batting: RHB Ted Cook 0-0: Bunted foul
0-1: Ball
1-1: Bunt missed!
1-2: Ball
2-2: DOUBLE (Groundball, 5L)
Fernando Silva to third
Batting: RHB Micah Coffey 0-0: Foul Ball, location: 2F
0-1: Ball
1-1: Foul Ball, location: 2F
1-2: Strikes out swinging
Batting: RHB Juan Jose Ayala 0-0: Intentional Walk
Batting: RHB Baldomero Avino 0-0: Ball
1-0: Foul Ball, location: 2F
1-1: Foul Ball, location: 2F
1-2: Strikes out swinging
Batting: RHB Tommy Jones 0-0: Ball
1-0: Ball
2-0: Foul Ball, location: 2F
2-1: Ball
3-1: Base on Balls
Fernando Silva scores
Ted Cook to third
Juan Jose Ayala to second
Sunday, March 18th, 2018 - OOTP Baseball 18.8 Build 76